 Dungeon Crawl Stone Soup version 0.31-a0-267-g3fc6992b3b (webtiles) character file.

Game seed: 16472576578834509820

41 qw the Shooter (level 3, -1/21 HPs)
             Began as a Gargoyle Hexslinger on July 13, 2023.
             Slain by a gnoll
             ... wielding a +0 club
             ... led by a gnoll sergeant
              (4 damage)
             ... on level 4 of the Dungeon.
             The game lasted 00:00:24 (1150 turns).

qw the Shooter (Gargoyle Hexslinger)                Turns: 1150, Time: 00:00:25

Health: -1/21      AC:  9    Str: 11    XL:     3   Next: 52%
Magic:  4/4        EV: 10    Int: 13    God:
Gold:   45         SH:  0    Dex: 14    Spells: 3/4 levels left

rFire   . . .        Y - +1 sling
rCold   + . .        (no shield)
rNeg    + . .        f - +0 ring mail
rPois   inf          e - +0 helmet
rElec   +            (no cloak)
rCorr   .            (no gloves)
SInv    .            (no boots)
Will    .....        (no amulet)
Stlth   +            j - ring of protection from cold
HPRegen 0.23/turn    (no ring)
MPRegen 0.09/turn

%: no passive effects
@: no status effects
A: sickness immunity, AC +3, negative energy resistance 1, electricity
resistance, torment resistance 1, petrification resistance
a: no special abilities


You were on level 4 of the Dungeon.
You visited 1 branch of the dungeon, and saw 3 of its levels.

You collected 45 gold pieces.


Innate Abilities, Weirdness & Mutations

You are immune to sickness and miasma.
Your stone body is resilient. (AC +3)
You are immune to poison.
You resist negative energy. (rN+)
You are resistant to electric shocks. (rElec)
You are resistant to unholy torment.
You are immune to petrification.


   Skills:
 - Level 2.1 Fighting
 + Level 3.0 Ranged Weapons
 - Level 1.3 Armour
 - Level 1.5 Dodging
 - Level 1.0 Spellcasting
 - Level 2.6 Hexes


You had 3 spell levels left.
You knew the following spells:

 Your Spells              Type           Power      Damage    Failure   Level
a - Slow                  Hex            28%        N/A       22%         1

Your spell library contained the following spells:

 Spells                   Type           Power      Damage    Failure   Level
 Inner Flame              Hex/Fire       4%         N/A       75%         3
 Portal Projectile        Hex/Tloc       8%         N/A       75%         3
 Cause Fear               Hex            3%         N/A       91%         4

Inventory:

Hand Weapons
 Y - a +1 sling (weapon)
Armour
 e - a +0 helmet (worn)
 f - a +0 ring mail (worn)
Jewellery
 j - a ring of protection from cold (left hand)
Scrolls
 a - a scroll of noise {unknown}
 c - a scroll of acquirement {unknown}
 g - 2 scrolls of immolation {unknown}
 h - a scroll of identify
Potions
 b - a potion of brilliance {unknown}
 d - a potion of ambrosia {unknown}
 i - a potion of lignification {unknown}
 k - a potion of curing {unknown}

Dungeon Overview and Level Annotations

Branches:
Dungeon (2/15)

Altars:


Message History

You shoot a sling bullet.
The sling bullet closely misses the ball python.
You shoot a sling bullet.
The sling bullet completely misses the ball python.
An adder comes into view.
The adder moves out of view.
You shoot a sling bullet. The sling bullet hits the ball python.
You kill the ball python!
A gnoll comes into view. It is wielding a +0 whip.
You shoot a sling bullet. The adder hisses angrily.
The sling bullet hits the gnoll.
The gnoll is moderately wounded.
You hear a shout!
A gnoll sergeant comes into view. It is wielding a +0 spear.
A gnoll comes into view. It is wielding a +0 spear.
1142 ||| Stepping ~*~*~tactically~*~*~ (outnumbered).
A gnoll comes into view. It is wielding a +0 club.
You shoot a sling bullet. The sling bullet hits the gnoll.
The gnoll is heavily wounded.
You shoot a sling bullet.
The sling bullet closely misses the gnoll.
You shoot a sling bullet.
The sling bullet closely misses the gnoll.
The gnoll shouts!
The gnoll barely misses you.
You shoot a sling bullet. The sling bullet hits the gnoll.
The gnoll is severely wounded.
The gnoll hits you with a +0 club.
A hobgoblin comes into view.
The gnoll hits you with a +0 whip.
You shoot a sling bullet.
The sling bullet closely misses the gnoll.
The hobgoblin shouts!
The gnoll hits you with a +0 club. The gnoll hits you with a +0 whip.
You shoot a sling bullet.
The sling bullet barely misses the gnoll.
The gnoll hits you with a +0 club. The gnoll hits you with a +0 whip.
The gnoll hits you with a +0 club.
You die...

# #. .# ... .# ....
###.##### .....##
#........
.......#####........
..........##........
g....###............
..g #@...%.........
...g.Sgg####.........
g....#### ##........
.... ######### ###


You could see a gnoll sergeant (wandering), 2 gnolls, an adder and a hobgoblin.

Vanquished Creatures
  2 adders (D:2)
  A dart slug (D:2)
  3 ball pythons
  An endoplasm (D:2)
  2 giant cockroaches
  2 goblins (D:2)
  A hobgoblin (D:1)
  2 quokkas
  3 bats (D:2)
  3 rats
20 creatures vanquished.

Notes
Turn   | Place    | Note
-------+----------+-------------------------------------------
     0 | D:1      | qw the Gargoyle Hexslinger began the quest for the Orb.
     0 | D:1      | Reached XP level 1. HP: 12/12 MP: 2/2
     0 | D:1      | 0 ||| qw: Version: 0.3-a-52-g30416fa
     0 | D:1      | 0 ||| qw: Game counter: 7660
     0 | D:1      | 0 ||| qw: Melee chars always use a shield: true
     0 | D:1      | 0 ||| qw: God list: Okawaru
     0 | D:1      | 0 ||| qw: Allow faded altars: false
     0 | D:1      | 0 ||| qw: Do Orc after clearing Dungeon:15 true
     0 | D:1      | 0 ||| qw: Do second Lair branch before Depths: true
     0 | D:1      | 0 ||| qw: Lair rune preference: random
     0 | D:1      | 0 ||| qw: Goals: Normal
     0 | D:1      | 0 ||| PLANNING D:1-11
   694 | D:1      | 694 ||| UPGRADING to +0 helmet.
   699 | D:1      | 699 ||| UPGRADING to +0 ring mail.
   709 | D:1      | 709 ||| DROPPING +0 robe.
   710 | D:1      | 710 ||| UPGRADING to ring of protection from cold.
   711 | D:1      | 711 ||| READING scroll labelled NERAUWNISH.
   712 | D:1      | 712 ||| READING scroll labelled USTREY USOF.
   713 | D:1      | 713 ||| READING scroll labelled ACRASINONE.
   714 | D:1      | 714 ||| READING 2 scrolls labelled DUCKIL ECIPH.
   715 | D:1      | 715 ||| DROPPING scroll of poison.
   716 | D:1      | 716 ||| DROPPING scroll of vulnerability.
   791 | D:2      | Reached XP level 2. HP: 16/16 MP: 3/3
   911 | D:2      | Reached skill level 3 in Ranged Weapons
   961 | D:2      | Reached XP level 3. HP: 21/21 MP: 4/4
  1093 | D:2      | Reached skill level 1 in Armour
  1129 | D:2      | You fall into a shaft and drop 2 floors!
  1141 | D:4      | Noticed a gnoll sergeant
  1142 | D:4      | 1142 ||| Stepping ~*~*~tactically~*~*~ (outnumbered).
  1150 | D:4      | HP: 3/21 [gnoll/+0 whip[a gnoll sergeant] (4)]
  1150 | D:4      | Slain by a gnoll

Levels and vault maps discovered:
D:1:      dpeg_arrival_arbitrary_a, layout_basic
D:2:      layout_rooms
D:4:      gammafunk_steamed_eel, layout_rooms, nicolae_qazlal_eye_of_the_storm,
          uniq_blork_the_orc, uniq_sigmund, uniq_eustachio, uniq_menkaure

Skill      XL: |  1  2  3 |
---------------+----------+-----
Ranged Weapons | 3 |  3.0
Fighting       | 2 |  2.1
Armour         | 1 |  1.3
Dodging        | |  1.5
Spellcasting   | |  1.0
Hexes          | |  2.6

Action                     || total
---------------------------++-------
   Fire: Sling             ||    76
    Use: Scroll            ||     4
 Armour: Robe              ||     1
         Ring mail         ||    11
  Dodge: Dodged            ||    15

Table legend:
 A = Non-vault XP
 B = Vault XP
 C = Vault XP percentage of total XP
 D = Non-vault monster count
 E = Vault monster count
 F = Vault count percentage of total count
                 A         B        C        D         E       F
            +---------+---------+-------+---------+---------+-------
      Total |      59 |       0 |   0.0 |      20 |       0 |   0.0
            +---------+---------+-------+---------+---------+-------
        D:1 |       7 |       0 |   0.0 |       4 |       0 |   0.0
        D:2 |      50 |       0 |   0.0 |      15 |       0 |   0.0
        D:4 |       2 |       0 |   0.0 |       1 |       0 |   0.0
            +---------+---------+-------+---------+---------+-------
